 Dungeon Crawl Stone Soup version 0.30.0-29-ga12c61a403 (webtiles) character file.

Game seed: 13244408031844341135

99 monsoonserge the Cudgeller (level 4, -3/45 HPs)
             Began as a Troll Berserker on June 9, 2023.
             Was a Believer of Trog.
             Slain by an iguana (12 damage)
             ... on level 4 of the Dungeon.
             The game lasted 00:04:24 (2009 turns).

monsoonserge the Cudgeller (Troll Berserker)        Turns: 2009, Time: 00:04:25

Health: -3/45      AC:  4    Str: 27    XL:     4   Next: 45%
Magic:  3/3        EV: 10    Int:  3    God:    Trog [**....]
Gold:   52         SH:  0    Dex:  9    Spells: 3/3 levels left

rFire   . . .        a - +0 mace
rCold   . . .        (no shield)
rNeg    . . .        b - +0 animal skin
rPois   .            (helmet restricted)
rElec   .            (no cloak)
rCorr   +            (gloves unavailable)
SInv    .            (boots unavailable)
Will    .....        (no amulet)
Stlth   +            f - ring of resist corrosion
HPRegen 1.07/turn    (no ring)
MPRegen 0.08/turn

%: no passive effects
@: no status effects
A: large, unfitting armour, claws 3, regeneration 1, shaggy fur 1, tough skin 1
a: Renounce Religion, Berserk, Trog's Hand


You were on level 4 of the Dungeon.
You worshipped Trog.
Trog was pleased with you.
You visited 1 branch of the dungeon, and saw 4 of its levels.

You collected 143 gold pieces.
You spent 91 gold pieces at shops.

Inventory:

Hand Weapons
 a - a +0 mace (weapon)
Missiles
 h - 12 poisoned darts (quivered)
Armour
 b - a +0 animal skin (worn)
Jewellery
 f - a ring of resist corrosion (left claw)
Wands
 l - a wand of roots (6)
Scrolls
 c - 5 scrolls of identify {unknown}
 d - 3 scrolls of fear
 e - a scroll of vulnerability {unknown}
 g - 2 scrolls of immolation {unknown}
 j - a scroll of noise {unknown}
 k - a scroll of poison {unknown}
 n - 3 scrolls of teleportation
Potions
 i - 2 potions of curing {unknown}
 m - a potion of brilliance {unknown}
 o - a potion of cancellation {unknown}
 p - a potion of resistance {unknown}


   Skills:
 + Level 3.3 Fighting
 + Level 3.5 Maces & Flails
 + Level 3.0 Dodging


You had 3 spell levels left.
You didn't know any spells.
Your spell library contained the following spells:

 Spells                   Type           Power      Damage    Failure   Level
 Slow                     Hex            0%         N/A       52%         1
 Confusing Touch          Hex            0%         N/A       88%         3
 Vampiric Draining        Necr           0%         2d6       88%         3


Dungeon Overview and Level Annotations

Branches:
Dungeon (4/15)
 Temple: D:4-7

Altars:
Cheibriados
Makhleb
Uskayaw

Shops:
D:3 ?


Innate Abilities, Weirdness & Mutations

You are too large for most types of armour.
You have claws for hands.
Your natural rate of healing is unusually fast.
You are covered in fur. (AC +1)
You have tough skin. (AC +1)


Message History

You closely miss the iguana. The iguana bites you!
You closely miss the iguana. The iguana bites you.
You barely miss the iguana. The iguana bites you!
You barely miss the iguana. The iguana bites you!
You sock the iguana!
The iguana is moderately wounded.
The iguana completely misses you. The iguana barely misses you.
You hit the iguana but do no damage.
The iguana is moderately wounded.
The iguana closely misses you.
You barely miss the iguana.
The iguana is moderately wounded.
The iguana closely misses you.
You hit the iguana.
The iguana is severely wounded.
The iguana barely misses you.
You barely miss the iguana.
The iguana is severely wounded.
The iguana hisses menacingly.
The iguana bites you. The iguana bites you!
* * * LOW HITPOINT WARNING * * *
You completely miss the iguana.
The iguana is severely wounded.
The iguana bites you.
* * * LOW HITPOINT WARNING * * *
You barely miss the iguana.
The iguana is severely wounded.
The iguana barely misses you.
You closely miss the iguana.
The iguana is severely wounded.
The iguana barely misses you.
You hit the iguana.
The iguana is almost dead.
The iguana bites you.
* * * LOW HITPOINT WARNING * * *
The iguana closely misses you.
You hit the iguana but do no damage.
The iguana is almost dead.
The iguana bites you!
You die...

. ########## ...
#........# ....
#.....<..# )....
#........#
.....###........#
.........#...####
........##.###
...#...l.#.#
.#.[.#.#@#.#
#.###.....## #
####...# #...#
.....# #..#..#
#..##..# #..#
...# #<.# .#.#


You could see an iguana.

Vanquished Creatures
  3 adders
  4 worms
  2 dart slugs
  An orc (D:3)
  A ball python (D:2)
  4 bats
  3 endoplasms
  4 giant cockroaches
  11 goblins
  5 hobgoblins
  4 jackals (D:3)
  A quokka (D:1)
  2 frilled lizards (D:2)
  3 kobolds (D:1)
  3 rats
51 creatures vanquished.

Notes
Turn   | Place    | Note
-------+----------+-------------------------------------------
     0 | D:1      | monsoonserge the Troll Berserker began the quest for the
                  | Orb.
     0 | D:1      | Reached XP level 1. HP: 22/22 MP: 0/0
    59 | D:1      | Reached XP level 2. HP: 28/29 MP: 1/1
   413 | D:2      | Reached XP level 3. HP: 36/36 MP: 2/2
   743 | D:2      | Reached ** piety under Trog
   863 | D:2      | Found a burning altar of Makhleb.
  1339 | D:3      | Found a hide-covered altar of Uskayaw.
  1350 | D:3      | Identified the +1 leather armour "Zacovaes" {rF+ Int+3}
  1468 | D:3      | Found a snail-covered altar of Cheibriados.
  1575 | D:3      | Reached XP level 4. HP: 42/45 MP: 3/3
  1596 | D:3      | Found Xaibem's Magic Scroll Emporium.
  1604 | D:3      | Bought a scroll of teleportation for 39 gold pieces
  1604 | D:3      | Bought a scroll of fear for 52 gold pieces
  1834 | D:3      | Found a faded altar of an unknown god.
  2009 | D:4      | Slain by an iguana

Illustrated notes

Levels and vault maps discovered:
D:1:      minmay_arrival_three_doors, layout_rooms
D:2:      layout_basic, basic_altar, minmay_door_square, minivault_5
D:3:      layout_loops_cross, nicolae_uskayaw_murder_on_the_dancefloor,
          cheibriados_altar_1, hellmonk_ecumenical_altar_dog_temple,
          serial_shops, shop
D:4:      layout_rooms, lemuel_zombie_altar_kikubaaqudgha, kennysheep_potato,
          uniq_eustachio, uniq_ijyb

Skill      XL: |  1  2  3  4 |
---------------+-------------+-----
Maces & Flails | 3 |  3.5
Fighting       | 3 |  3.3
Dodging        | 3 |  3.0

Action                     |  1- 3 |  4- 6 || total
---------------------------+-------+-------++-------
  Melee: Mace              |   136 |    64 ||   200
         Punch             |     2 |       ||     2
 Armour: Animal skin       |    53 |    20 ||    73
  Dodge: Dodged            |    63 |    37 ||   100
